 Dungeon Crawl Stone Soup version 0.26-a0-682-g294304f6e8 (webtiles) character file.

Game seed: 7264297405736656709

1342 grandjackal the Ducker (level 8, 0/63 HPs)
             Began as a Merfolk Gladiator on Oct 22, 2020.
             Slain by a black bear (3 damage)
             ... on level 7 of the Dungeon.
             The game lasted 00:08:31 (7821 turns).

grandjackal the Ducker (Merfolk Gladiator)          Turns: 7821, Time: 00:08:31

Health: 0/63       AC:  6    Str: 17    XL:     8   Next: 62%
Magic:  8/8        EV: 16    Int:  7    God:
Gold:   44         SH:  0    Dex: 15    Spells: 7/7 levels left

rFire    . . .     SeeInvis .   a - +0 long sword
rCold    . . .     Faith    .   h - +0 buckler
rNeg     . . .     Spirit   .   b - +0 leather armour
rPois    .         Reflect  .   c - +0 helmet
rElec    .         Harm     .   n - +0 cloak
rCorr    .         Rampage  .   v - +0 pair of gloves
MR       .....                  (no boots)
Stlth    +.........             y - amulet of the acrobat
HPRegen  0.20/turn              (no ring)
MPRegen  0.11/turn              (no ring)

@: confused
A: change form in water, swift swim, stealthy swim
a: no special abilities


You were on level 7 of the Dungeon.
You visited 1 branch of the dungeon, and saw 7 of its levels.

You collected 398 gold pieces.
You spent 354 gold pieces at shops.

Inventory:

Hand Weapons
 a - a +0 long sword (weapon)
 C - a +0 dagger of freezing
Missiles
 d - 2 throwing nets
 j - 209 stones (quivered)
 u - 12 boomerangs
Armour
 b - a +0 leather armour (worn)
 c - a +0 helmet (worn)
 h - a +0 buckler (worn)
 n - a +0 cloak (worn)
 v - a +0 pair of gloves (worn)
Jewellery
 y - an amulet of the acrobat (around neck)
Wands
 r - a wand of acid (12)
 s - a wand of flame (22)
Scrolls
 g - 6 scrolls of identify
 i - 6 scrolls of remove curse {unknown}
 l - a scroll of teleportation {unknown}
 m - a scroll of random uselessness {unknown}
 p - a scroll of fog {unknown}
 q - 3 scrolls of fear
 z - 4 scrolls of blinking
 A - a scroll of amnesia {unknown}
 B - 2 scrolls of noise {unknown}
 D - a scroll of immolation
 E - a scroll of enchant armour
 G - a scroll of magic mapping {unknown}
Potions
 e - 3 potions of haste
 f - a potion of might
 k - a potion of berserk rage
 o - 2 potions of curing
 t - a potion of resistance
 w - a potion of cancellation {unknown}
 x - a potion of brilliance {unknown}
 F - a potion of invisibility {unknown}


   Skills:
 + Level 5.5 Fighting
 + Level 6.0 Long Blades
 + Level 5.0 Throwing
 + Level 7.3 Dodging
 - Level 4.0 Shields


You had 7 spell levels left.
You didn't know any spells.
Your spell library was empty.

Dungeon Overview and Level Annotations

Branches:
Dungeon (7/15)             Temple (0/1) D:7

Altars:
Dithmenos
Xom

Shops:
D:6 ?

Annotations:
D:7 Harold


Message History

The worker ant zombie misses you. The black bear misses you.
The black bear completely misses you. The black bear closely misses you.
Something hits you but does no damage.
Unknown command.
Unknown command.
The orc priest barely misses you.
The worker ant zombie barely misses you.
The black bear bites you.
* * * LOW HITPOINT WARNING * * *
The black bear claws you.
* * * LOW HITPOINT WARNING * * *
The black bear closely misses you. Something closely misses you.
In your confused state, you trip and fall back down the stairs.
* * * LOW HITPOINT WARNING * * *
The orc priest hits you.
* * * LOW HITPOINT WARNING * * *
The worker ant zombie misses you. The black bear closely misses you.
The black bear claws you but does no damage.
The black bear claws you.
You die...

####..### #.>.
...<.....#...
........#...
........... #
.......$..#.#
........... #
.......h.#..#..
...?...@Z......
.##...o#{......
#..(. ...[...
...((.. ..@....
..#.... .......
#...### .......
...F .......
... .......


You could see Harold, a black bear, a bullfrog, an orc priest and a worker ant
zombie.

Vanquished Creatures
  Menkaure (D:5)
  A necrophage (D:6)
  A sky beast (D:6)
  2 ogres
  A bullfrog (D:6)
  A scorpion (D:4)
  A howler monkey (D:2)
  A centaur zombie (D:6)
  A quasit (D:6)
  3 hounds (D:5)
  A jelly (D:6)
  An orc wizard (D:6)
  A bullfrog skeleton (D:6)
  An orc priest (D:6)
  2 centaur skeletons
  An iguana (D:4)
  Crazy Yiuf (D:2)
  4 worker ants
  8 adders
  4 gnolls
  An ufetubus (D:4)
  An ooze (D:4)
  3 worms
  2 dart slugs
  6 leopard geckos
  17 orcs
  6 giant cockroaches
  11 hobgoblins
  8 jackals
  2 quokkas
  4 ball pythons
  7 bats
  6 frilled lizards
  6 goblins
  8 kobolds
  2 leopard gecko skeletons (D:5)
  A quokka skeleton (D:4)
  10 rats
138 creatures vanquished.

Notes
Turn   | Place    | Note
-------+----------+-------------------------------------------
     0 | D:1      | grandjackal the Merfolk Gladiator began the quest for the
                  | Orb.
     0 | D:1      | Reached XP level 1. HP: 16/16 MP: 1/1
   174 | D:1      | Reached XP level 2. HP: 21/23 MP: 2/2
   696 | D:1      | Reached XP level 3. HP: 22/28 MP: 3/3
  1544 | D:2      | Reached XP level 4. HP: 33/34 MP: 4/4
  1874 | D:2      | Reached skill level 1 in Shields
  2460 | D:2      | Reached skill level 5 in Dodging
  2460 | D:2      | Reached XP level 5. HP: 39/41 MP: 5/5
  2646 | D:2      | Found a runed translucent door.
  2647 | D:2      | Noticed Crazy Yiuf
  2789 | D:2      | Killed Crazy Yiuf
  3043 | D:3      | Found a shadowy altar of Dithmenos.
  3357 | D:3      | Reached XP level 6. HP: 42/47 MP: 6/6
  5459 | D:5      | Entered Level 5 of the Dungeon
  5513 | D:5      | Reached XP level 7. HP: 45/54 MP: 7/7
  5696 | D:5      | Reached skill level 5 in Long Blades
  5696 | D:5      | Reached skill level 6 in Dodging
  5834 | D:5      | Noticed Menkaure
  5838 | D:5      | Killed Menkaure
  6433 | D:6      | Reached XP level 8. HP: 57/61 MP: 8/8
  6572 | D:6      | Reached skill level 5 in Fighting
  6940 | D:6      | Reached skill level 7 in Dodging
  7318 | D:6      | Found Cobil's Magic Scroll Shoppe.
  7343 | D:6      | Bought a scroll of blinking for 90 gold pieces
  7343 | D:6      | Bought a scroll of blinking for 90 gold pieces
  7343 | D:6      | Bought a scroll of fear for 42 gold pieces
  7343 | D:6      | Bought a scroll of immolation for 42 gold pieces
  7343 | D:6      | Bought a scroll of enchant armour for 90 gold pieces
  7599 | D:6      | Found a shimmering altar of Xom.
  7724 | D:7      | Found a staircase to the Ecumenical Temple.
  7724 | D:7      | Noticed Harold
  7750 | D:6      | Reached skill level 5 in Throwing
  7821 | D:7      | HP: 3/63 [orc priest (5)]
  7821 | D:7      | Slain by a black bear

Illustrated notes

Levels and vault maps discovered:
D:1:      roderic_octagonal_star, layout_basic, minmay_tetromino_i2
D:2:      minmay_diamond_boxcup, layout_rooms, serial_glass, glass_columns_a,
          glass_columns_b, glass_columns_a, glass_columns_c, glass_columns_c,
          glass_columns_c, glass_columns_a, glass_columns_c, glass_columns_a,
          glass_columns_c, glass_columns_c, glass_columns_b, glass_columns_a,
          glass_columns_b, st_stairs_9, kennysheep_generic_room_5,
          uniq_crazy_yiuf_cottage
D:3:      layout_basic, grunt_dithmenos_smoke
D:4:      layout_basic, minmay_small_thing
D:5:      layout_basic, uniq_menkaure
D:6:      layout_rooms, lemuel_doored_altar, serial_shops, shop_fountains,
          kennysheep_generic_room_7
D:7:      layout_rooms, minitemple, minmay_temple_entry_arrows, eino_jars,
          uniq_harold

Skill      XL: |  1  2  3  4  5  6  7  8 |
---------------+-------------------------+-----
Fighting       | 3 4 5 |  5.5
Shields        | 1 2 3 4 |  4.0
Long Blades    | 4 5 6 |  6.0
Throwing       | 3 4 5 |  5.0
Dodging        | 5 6 7 |  7.3

Action                   |  1- 3 |  4- 6 |  7- 9 || total
-------------------------+-------+-------+-------++-------
Melee: Long sword        |    82 |   251 |   172 ||   505
Throw: Stone             |     7 |     8 |    42 ||    57
       Throwing net      |       |     3 |       ||     3
       Boomerang         |       |       |     4 ||     4
  Use: Scroll            |       |     5 |       ||     5
 Stab: Sleeping          |       |     2 |       ||     2
Armor: Leather armour    |    21 |    69 |    40 ||   130
Dodge: Dodged            |    72 |   240 |   162 ||   474
Block: Buckler           |       |       |    38 ||    38
       Rpst.: Long sword |    22 |    70 |    48 ||   140

Table legend: (Time is in decaauts)
 A = Elapsed time spent in this place.
 B = Non-inter-level travel time spent in this place.
 C = Inter-level travel time spent in this place.
 D = Time resting spent in this place.
 E = Time spent auto-exploring this place.
 F = Levels seen in this place.
 G = Mean time per level.
                   A        B        C        D        E       F      G
               +--------+--------+--------+--------+--------+-----+--------+
         Total |   7907 |   7730 |    177 |   2079 |   4472 |   7 | 1129.6 |
       Dungeon |   7907 |   7730 |    177 |   2079 |   4472 |   7 | 1129.6 |
               +--------+--------+--------+--------+--------+-----+--------+

Top non-repeatable levels by time:
     D:4: 1606 daAuts
     D:1: 1600 daAuts
     D:6: 1393 daAuts
     D:2: 1259 daAuts
     D:3: 1059 daAuts
     D:5: 968 daAuts
     D:7: 20 daAuts
